 Dungeon Crawl Stone Soup version 0.30-a0-719-gcc4359ea44 (webtiles) character file.

Game seed: 5969152149360406449

908 Absynth the Poker (level 7, 0/55 HPs)
             Began as a Demonspawn Gladiator on Jan 26, 2023.
             Killed by nerve-wracking pain
             ... invoked by Grinder
              (12 damage)
             ... on level 5 of the Dungeon.
             The game lasted 00:09:21 (4317 turns).

Absynth the Poker (Demonspawn Gladiator)            Turns: 4317, Time: 00:09:22

Health: 0/55       AC: 17    Str: 17    XL:     7   Next: 81%
Magic:  7/7        EV: 11    Int:  9    God:
Gold:   338        SH:  0    Dex: 14    Spells: 6/6 levels left

rFire   + . .      SeeInvis .    a - +0 trident
rCold   . . .      Faith    .    (no shield)
rNeg    . . .      Spirit   .    m - +4 scale mail {rF+}
rPois   +          Reflect  .    (helmet restricted)
rElec   .          Harm     .    (no cloak)
rCorr   .          Rampage  .    (no gloves)
Will    .....                    q - +0 pair of boots Stlth
                                 (no amulet)
HPRegen 0.29/turn                b - ring of poison resistance
MPRegen 0.10/turn                s - +4 ring of protection

@: studying Axes
A: antennae 2, icy blue scales 1, spiny 1
a: no special abilities


You were on level 5 of the Dungeon.
You visited 2 branches of the dungeon, and saw 6 of its levels.

You collected 338 gold pieces.

Inventory:

Hand Weapons
 a - a +0 trident (weapon)
 E - a +0 trident
Missiles
 d - 2 throwing nets (quivered)
 e - a javelin
 i - 5 poisoned darts
 y - 4 atropa-tipped darts
Armour
 m - a +4 scale mail of fire resistance (worn)
 q - a +0 pair of boots (worn)
Jewellery
 b - a ring of poison resistance (left hand)
 s - a +4 ring of protection (right hand)
 A - a +6 ring of dexterity
 B - a ring of ice
 D - a ring of protection from cold
Scrolls
 g - 3 scrolls of identify {unknown}
 h - a scroll of amnesia {unknown}
 n - 2 scrolls of enchant weapon {unknown}
 o - a scroll of magic mapping {unknown}
 p - 2 scrolls of teleportation {unknown}
 t - a scroll of poison {unknown}
 u - a scroll of fog {unknown}
 v - a scroll of noise {unknown}
 w - 2 scrolls of fear {unknown}
 x - 2 scrolls of blinking {unknown}
Potions
 c - 2 potions of ambrosia {unknown}
 f - a potion of brilliance {unknown}
 j - 2 potions of berserk rage {unknown}
 k - a potion of mutation {unknown}
 l - a potion of degeneration {unknown}
 r - 2 potions of curing {unknown}
 z - a potion of might {unknown}
 C - a potion of attraction {unknown}


   Skills:
 + Level 4.5 Fighting
 * Level 5.9 Polearms
 - Level 1.7 Throwing
 + Level 3.0 Armour
 + Level 4.5 Dodging


You had 6 spell levels left.
You didn't know any spells.
Your spell library contained the following spells:

 Spells                   Type           Power      Damage    Failure   Level
 Cigotuvi's Dreadful Rot  Necr/Pois/Air  0%         N/A       90%         2
 Dispel Undead            Necr           0%         3d6       100%        4
 Fireball                 Conj/Fire      0%         3d3       100%        5
 Iskenderun's Battlesphe  Conj           0%         2d6       100%        5
 Conjure Ball Lightning   Conj/Air       0%         3x3d6     100%        6
 Death Channel            Necr           0%         N/A       100%        6
 Orb of Destruction       Conj           0%         9d5       100%        7


Dungeon Overview and Level Annotations

Branches:
Dungeon (5/15)             Temple (1/1) D:4

Altars:
Ashenzari
Cheibriados
Dithmenos
Gozag
Kikubaaqudgha
Okawaru
Ru
Uskayaw
Vehumet
Wu Jian
Yredelemnul

Annotations:
D:5 Grinder


Innate Abilities, Weirdness & Mutations

You have a pair of antennae on your head.
You are partially covered in icy blue scales. (AC +2)
You are partially covered in sharp spines.


Message History

Grinder is moderately wounded.
Grinder is struck by your spines. Grinder misses you.
You closely miss Grinder.
Grinder is moderately wounded.
Grinder is struck by your spines. Grinder closely misses you.
You puncture Grinder!
Grinder is severely wounded.
Grinder hits you.
You writhe in agony.
You hit Grinder.
Grinder is severely wounded.
Grinder blinks!
Grinder gestures at you.
You suddenly lose the ability to move!
Grinder gestures at you. Pain shoots through your body!
* * * LOW HITPOINT WARNING * * *
You can move again.
Unknown command.
You reach to attack!
You hit Grinder.
Grinder is severely wounded.
Grinder gestures at you. Pain shoots through your body!
* * * LOW HITPOINT WARNING * * *
You are too injured to fight recklessly!
You are too injured to fight recklessly!
You are too injured to fight recklessly!
You are too injured to fight recklessly!
Unknown command.
You are too injured to fight recklessly!
You are too injured to fight recklessly!
Grinder hits you but does no damage.
You hit Grinder.
Grinder is almost dead.
Grinder gestures at you. You resist with significant effort.
You closely miss Grinder.
Grinder is almost dead.
Grinder gestures at you. Pain shoots through your body!
You die...

.#...#...#..# .>#
............# .# #(#
#############. ####.#
#.# ..###.#.... #.# #
......#.#.# #.# ##
.........###########.##
.# .
#.#.#...##...{..o.....
.## ...
#?...5..##.########o##
..#.... #..@...#.# #)#
.....# ..#......#.# #.#
).# .........##.# #{#
).##.≈§≈.§.§≈§.#....).#
#o#
.###...≈...≈...#.######
####.#
.....≈.≈≈.≈≈.≈.#.#
..##o#
####.≈.......≈...#
#.##o# #
#.≈§≈§.≈§§≈.#.## #.##.#
##..§....§.......
#.##.#


You could see Grinder.

Vanquished Creatures
  The ghost of tilp the Covered, an amateur MeFi (D:3)
  Edmund (D:5)
  An ogre (D:5)
  A centaur (D:5)
  A necrophage (D:4)
  A hound (D:5)
  2 orc priests
  Jessica (D:2)
  4 orc wizards
  Terence (D:2)
  Robin (D:3)
  4 gnolls (D:5)
  4 adders
  2 ufetubi
  A worm (D:2)
  2 dart slugs
  13 orcs
  7 endoplasms
  4 giant cockroaches
  12 hobgoblins
  4 jackals
  2 quokkas
  7 ball pythons
  3 bats
  A frilled lizard (D:3)
  9 goblins
  3 kobolds
  5 rats
98 creatures vanquished.

Notes
Turn   | Place    | Note
-------+----------+-------------------------------------------
     0 | D:1      | Absynth the Demonspawn Gladiator began the quest for the
                  | Orb.
     0 | D:1      | Reached XP level 1. HP: 16/16 MP: 1/1
    97 | D:1      | Reached skill level 3 in Polearms
    97 | D:1      | Gained mutation: You have a pair of small antennae on your
                  | head. [demonic ancestry]
    97 | D:1      | Reached XP level 2. HP: 22/22 MP: 2/2
   637 | D:1      | Gained mutation: You are partially covered in sharp spines.
                  | [demonic ancestry]
   637 | D:1      | Reached XP level 3. HP: 28/28 MP: 3/3
   987 | D:2      | Noticed Terence
   994 | D:2      | Killed Terence
  1303 | D:2      | Noticed Jessica
  1308 | D:2      | Killed Jessica
  1309 | D:2      | Gained mutation: You are partially covered in icy blue
                  | scales. (AC +2) [demonic ancestry]
  1309 | D:2      | Reached XP level 4. HP: 34/34 MP: 4/4
  1729 | D:3      | Found a runed translucent door.
  1729 | D:3      | Noticed tilp's ghost (amateur MeFi)
  1813 | D:3      | Noticed Robin
  1831 | D:3      | Reached skill level 4 in Polearms
  1848 | D:3      | Killed Robin
  1849 | D:3      | Reached XP level 5. HP: 37/41 MP: 5/5
  2300 | D:3      | Killed tilp's ghost
  2301 | D:3      | Reached skill level 1 in Armour
  2301 | D:3      | Reached XP level 6. HP: 27/47 MP: 6/6
  2943 | D:4      | You fall into a shaft and drop 1 floor!
  2943 | D:5      | Entered Level 5 of the Dungeon
  2950 | D:5      | Found a sacrificial altar of Ru.
  3039 | D:5      | Reached skill level 5 in Polearms
  3224 | D:5      | Gained mutation: You have a pair of antennae on your head.
                  | [demonic ancestry]
  3224 | D:5      | Reached XP level 7. HP: 54/54 MP: 7/7
  3437 | D:4      | Identified the +3 leather armour "Fimysene" {Regen+ Str-3
                  | Int+2}
  3561 | D:4      | Found a staircase to the Ecumenical Temple.
  3583 | Temple   | Entered the Ecumenical Temple
  3961 | D:5      | Found a snail-covered altar of Cheibriados.
  3993 | D:5      | Noticed Edmund
  4028 | D:5      | Killed Edmund
  4216 | D:5      | Found a broken altar of Ashenzari.
  4253 | D:5      | Noticed Grinder
  4312 | D:5      | Paralysed by Grinder for 2 turns
  4317 | D:5      | Killed from afar by Grinder

Illustrated notes

Levels and vault maps discovered:
D:1:      ebering_hopf_link, layout_basic, hangedman_decor_opposing,
          chequers_garden, minivault_5
D:2:      layout_basic, mrwooster_statue_mirror, uniq_terence, uniq_jessica
D:3:      layout_rooms, hellmonk_ghost_happy_afterlife,
          hangedman_decor_slide_cut, minivault_24, uniq_robin
D:4:      layout_basic, minmay_temple_entry_hall,
          chequers_serial_rivers_micro_e, nicolae_figureground_sparkle
D:5:      layout_basic, nicolae_ru_sacrificial_ziggurat,
          mainiacjoe_overflow_brackets, lemuel_coloured_pillars_altar,
          mainiacjoe_overflow_large_starburst, minmay_misc_feat_plants,
          uniq_edmund, uniq_grinder
Temple:   chequers_temple_sunken

Skill      XL: |  1  2  3  4  5  6  7 |
---------------+----------------------+-----
Polearms       | 3 4 5 |  5.9
Dodging        | 3 4 |  4.5
Fighting       | 3 4 |  4.5
Armour         | 1 2 3 |  3.0
Throwing       | |  1.7

Action                     |  1- 3 |  4- 6 |  7- 9 || total
---------------------------+-------+-------+-------++-------
  Melee: Trident           |   111 |   126 |    73 ||   310
         Punch             |     2 |       |     1 ||     3
  Throw: Throwing net      |       |     1 |       ||     1
   Stab: Distracted        |     1 |       |       ||     1
         Sleeping          |     1 |       |       ||     1
 Armour: Leather armour    |    17 |       |       ||    17
         Scale mail        |     1 |    61 |    41 ||   103
  Dodge: Dodged            |    51 |    35 |    42 ||   128

Table legend: (Time is in decaauts)
 A = Elapsed time spent in this place.
 B = Non-inter-level travel time spent in this place.
 C = Inter-level travel time spent in this place.
 D = Time resting spent in this place.
 E = Time spent auto-exploring this place.
 F = Levels seen in this place.
 G = Mean time per level.
                   A        B        C        D        E       F      G
               +--------+--------+--------+--------+--------+-----+--------+
         Total |   4375 |   4198 |    177 |    404 |   2836 |   6 |  729.2 |
       Dungeon |   4206 |   4058 |    148 |    404 |   2703 |   5 |  841.2 |
        Temple |    169 |    140 |     29 |      0 |    132 |   1 |  169.0 |
               +--------+--------+--------+--------+--------+-----+--------+

Top non-repeatable levels by time:
     D:1: 1000 daAuts
     D:5: 927 daAuts
     D:4: 850 daAuts
     D:3: 758 daAuts
     D:2: 670 daAuts
  Temple: 169 daAuts
